 Dungeon Crawl Stone Soup version 0.19.4-12-gccf7e64 (webtiles) character file.

98 sankara the Insei (level 4, 0/37 HPs)
             Began as a Draconian Transmuter on Feb 26, 2017.
             Was an Initiate of Ru.
             Succumbed to a worker ant's poison
             ... on level 4 of the Dungeon.
             The game lasted 00:06:08 (2649 turns).

sankara the Insei (Draconian Transmuter)            Turns: 2649, Time: 00:06:08

Health: 0/37       AC:  5    Str: 12    XL:     4   Next: 43%
Magic:  7/7        EV: 12    Int: 18    God:    Ru [......]
Gold:   49         SH:  0    Dex: 13    Spells: 2 memorised, 4 levels left

rFire  . . .     SeeInvis .       - Unarmed
rCold  . . .     Gourm    .     (armour unavailable)
rNeg   . . .     Faith    .     (no shield)
rPois  .         Spirit   .     (helmet restricted)
rElec  .         Reflect  .     (no cloak)
rCorr  .         Harm     .     (no gloves)
MR     .....                    (no boots)
Stlth  +.........               (no amulet)
                                (no ring)
                                (no ring)

@: brilliant, lethally poisoned (0 -> -1), exhausted, slowed, very slow
A: unfitting armour, cold-blooded, AC +5
a: Renounce Religion


You were on level 4 of the Dungeon.
You worshipped Ru.
Ru was noncommittal.
You were full.

You visited 1 branch of the dungeon, and saw 3 of its levels.

You collected 49 gold pieces.

Inventory:

Missiles
 a - 57 arrows
Jewellery
 j - a +3 amulet of reflection {unknown}
Scrolls
 d - a scroll of recharging {unknown}
 e - 2 scrolls of identify {unknown}
 i - a scroll of enchant armour {unknown}
Books
 b - a book of Changes

   Spells                             Type                      Level
   a - Beastly Appendage              Transmutation                1
   b - Sticks to Snakes               Transmutation                2
   c - Spider Form                    Transmutation/Poison         3
   d - Ice Form                       Ice/Transmutation            4
   e - Blade Hands                    Transmutation                5
Comestibles
 c - a bread ration
 g - 3 chunks of flesh


   Skills:
 + Level 2.4 Fighting
 - Level 1.7 Dodging
 * Level 4.0 Unarmed Combat
 - Level 2.0 Spellcasting
 * Level 3.2 Transmutations


You had 4 spell levels left.
You knew the following spells:

 Your Spells              Type           Power        Failure   Level  Hunger
a - Beastly Appendage     Tmut           ###...       1%          1    #......
b - Sticks to Snakes      Tmut           ###.....     1%          2    ###....


Dungeon Overview and Level Annotations

Branches:
Dungeon (2/15)

Altars:
Ru


Innate Abilities, Weirdness & Mutations

Your plain brown scales are hard. (AC +5)
You cannot fit into any form of body armour.
You are cold-blooded and may be slowed by cold attacks.


Message History

* * * LOW HITPOINT WARNING * * *
You feel sick.
You aren't carrying any potions.
Unknown command.
g - 3 chunks of flesh
* * * LOW HITPOINT WARNING * * *
You feel sick.
You start eating the meat ration.
Keep eating?
* * * LOW HITPOINT WARNING * * *
You feel sick.
You continue eating. x2
* * * LOW HITPOINT WARNING * * *
You feel sick.
You finish eating.
That meat ration really hit the spot!
* * * LOW HITPOINT WARNING * * *
You feel sick.
* * * LOW HITPOINT WARNING * * *
You feel sick.
You die...

### ... #######.#
#####.......##
#............. #.#
#......####h
...####.###...........
.........@...?.>......
..####.###.##........
#.# #.##.####### #.#
#$#... #########.#
#.#.... #.........#
#.#....# #.....#####
#.#....# #.....#
#.#....#
#######.#######.#


There were no monsters in sight!

Vanquished Creatures
  A worker ant (D:4)
  An adder (D:2)
  An ooze (D:1)
  5 dart slugs
  2 leopard geckos
  4 giant cockroaches
  8 goblins
  5 hobgoblins (D:1)
  4 jackals
  5 kobolds
  2 quokkas
  2 bats
  2 frilled lizards
  A leopard gecko skeleton (D:4)
  2 rats (D:1)
45 creatures vanquished.

Notes
Turn   | Place    | Note
-------+----------+-------------------------------------------
     0 | D:1      | sankara the Draconian Transmuter began the quest for the Orb.
     0 | D:1      | Reached XP level 1. HP: 16/16 MP: 3/3
     1 | D:1      | Noticed an electric eel
   408 | D:1      | Reached XP level 2. HP: 9/23 MP: 3/5
   412 | D:1      | Learned a level 2 spell: Sticks to Snakes
  1236 | D:1      | Reached XP level 3. HP: 26/29 MP: 4/6
  2454 | D:2      | Reached XP level 4. HP: 37/37 MP: 4/7
  2471 | D:2      | You fall through a shaft for 2 floors!
  2565 | D:4      | Found a sacrificial altar of Ru.
  2570 | D:4      | Became a worshipper of Ru the Awakened
  2630 | D:4      | Reached skill level 4 in Unarmed Combat
  2643 | D:4      | HP: 1/37 [poisoned by a worker ant]
  2649 | D:4      | Succumbed to a worker ant's poison

Skill      XL: |  1  2  3  4 |
---------------+-------------+-----
Fighting       | 2 |  2.4
Transmutations | 3 |  3.2
Unarmed Combat | 4 |  4.0
Dodging        | |  1.7
Spellcasting   | |  2.0

Action                   |  1- 3 |  4- 6 || total
-------------------------+-------+-------++-------
Melee: Unarmed           |   165 |    19 ||   184
       Kick              |    18 |       ||    18
       Tailslap          |    15 |     1 ||    16
       Headbutt          |     4 |       ||     4
       Punch             |     2 |     2 ||     4
 Cast: Beastly Appendage |    35 |     3 ||    38
  Use: Potion            |       |     2 ||     2
  Eat: Chunk             |     6 |     1 ||     7
       Meat ration       |       |     1 ||     1
Armor: Skin              |    43 |     4 ||    47
Dodge: Dodged            |    81 |    12 ||    93
